 Dungeon Crawl Stone Soup version 0.19-a0-1225-gf887c1c (webtiles) character file.

162 Demi the Cutter (level 5, -13/30 HPs)
             Began as a Kobold Hunter on Aug 25, 2016.
             Killed from afar by Ijyb (17 damage)
             ... with a wand of lightning
             ... on level 3 of the Dungeon.
             The game lasted 00:07:43 (2017 turns).

Demi the Cutter (Kobold Hunter)                     Turns: 2017, Time: 00:07:43

Health: -13/30     AC:  5    Str: 10    XL:     5   Next: 71%
Magic:  5/5        EV: 15    Int:  9    God:
Gold:   112        SH:  0    Dex: 18    Spells: 0 memorised, 4 levels left

rFire  . . .     SeeInvis .     a - +1 hand crossbow
rCold  . . .     Gourm    .     c - +0 leather armour
rNeg   . . .     Faith    .     (shield restricted)
rPois  .         Spirit   .     (no helmet)
rElec  .         Dismiss  .     o - +0 cloak
rCorr  .         Reflect  .     (no gloves)
MR     .....     Harm     .     i - +0 pair of boots
Stlth  +++.......               (no amulet)
                                (no ring)
                                (no ring)

@: no status effects
A: carnivore 3
a: no special abilities


You were on level 3 of the Dungeon.
You were not hungry.

You visited 1 branch of the dungeon, and saw 3 of its levels.

You collected 112 gold pieces.

Inventory:

Hand Weapons
 a - a +1 hand crossbow (weapon)
 b - a +0 rapier
Missiles
 d - 58 bolts (quivered)
Armour
 c - a +0 leather armour (worn)
 i - a +0 pair of boots (worn)
 o - a +0 cloak (worn)
Jewellery
 y - a cursed amulet of inaccuracy {unknown}
Wands
 t - a wand of polymorph (8/24)
 u - a wand of disintegration (8/24)
Scrolls
 e - a scroll of enchant weapon {unknown}
 g - 2 scrolls of blinking {unknown}
 j - 4 scrolls of identify {unknown}
 k - a scroll of fog {unknown}
 l - a scroll of magic mapping {unknown}
 n - a scroll of remove curse {unknown}
 q - a scroll of teleportation {unknown}
 r - a scroll of enchant armour {unknown}
 w - a scroll of amnesia {unknown}
 x - a scroll of immolation {unknown}
 z - a scroll of recharging {unknown}
Potions
 h - 2 potions of heal wounds {unknown}
 m - 2 potions of lignification {unknown}
 p - a potion of curing {unknown}
 v - a potion of invisibility {unknown}
 A - a potion of flight {unknown}
Books
 B - a book of Alchemy

   Spells                             Type                      Level
   a - Sublimation of Blood           Necromancy                   2
   b - Ignite Poison                  Fire/Transmutation/Poison    3
   c - Petrify                        Transmutation/Earth          4
   d - Alistair's Intoxication        Transmutation/Poison         5
   e - Irradiate                      Conjuration/Transmutation    5
Comestibles
 f - 3 meat rations
 s - 2 beef jerkies


   Skills:
 - Level 2.1 Fighting
 * Level 5.3 Short Blades
 - Level 4.8 Crossbows
 - Level 2.4 Dodging
 + Level 4.2 Stealth


You had 4 spell levels left.
You didn't know any spells.

Dungeon Overview and Level Annotations

Branches:
Dungeon (3/15)

Altars:
Elyvilon

Annotations:
D:3 Ijyb


Innate Abilities, Weirdness & Mutations

You are small and have problems with some larger weapons.
You are carnivorous and can eat meat at any time.


Message History

Ijyb zaps a wand.
The bolt of lightning hits you!
Ouch! That really hurt!
* * * LOW HITPOINT WARNING * * *
It is a wand of lightning.
You are too injured to fight recklessly!
a - a +1 hand crossbow (weapon)
You are too injured to fight recklessly!
Firing (i - inventory):
d - 60 bolts (quivered)
Press: ? - help, Shift-Dir - straight line, f - Ijyb
Aim: Ijyb, wielding an enchanted club, wearing a leather armour and carrying a wand of lightning {zapped: 1} You shoot a bolt.
The bolt closely misses Ijyb.
Firing (i - inventory):
d - 59 bolts (quivered)
Press: ? - help, Shift-Dir - straight line, f/p - Ijyb
Aim: Ijyb, wielding an enchanted club, wearing a leather armour and carrying a wand of lightning {zapped: 1} You shoot a bolt.
The bolt hits Ijyb!
Ijyb is moderately wounded.
Ijyb zaps a wand.
The bolt of lightning misses you. The bolt of lightning hits you!
Ouch! That really hurt!
You die...

..+.......#######.#.#
..#####...# #.#.#
.#........# #.#.#
.#.#####..# #.#.#
).........# #.#.#
...######.#######.#.#
........#.........#.#
........###########.#
.%......#.>..g..@.#.#
........#.#######.#.#
..<.....#.# #.#.#
........#.# #.#.#
###.#...#.# #.#.#
........#.#######.#.#
................#.#<#
........#.....#.#.#.#
#############.#.#.#.#


You could see Ijyb.

Vanquished Creatures
  A giant frog skeleton (D:2)
  6 adders
  2 worms (D:3)
  A dart slug (D:2)
  2 giant geckos
  7 orcs
  6 giant cockroaches
  7 goblins
  10 hobgoblins
  2 jackals (D:3)
  A ball python (D:3)
  7 bats
  7 giant newts
  4 kobolds
  2 rats
65 creatures vanquished.

Notes
Turn   | Place    | Note
-------+----------+-------------------------------------------
     0 | D:1      | Demi the Kobold Hunter began the quest for the Orb.
     0 | D:1      | Reached XP level 1. HP: 12/12 MP: 1/1
    22 | D:1      | Reached skill level 1 in Short Blades
    54 | D:1      | Reached XP level 2. HP: 10/17 MP: 2/2
   103 | D:1      | Reached skill level 2 in Short Blades
   516 | D:2      | Reached XP level 3. HP: 20/21 MP: 3/3
   629 | D:2      | Reached skill level 3 in Short Blades
   709 | D:2      | HP: 1/21 [kobold/whip (1)]
  1040 | D:2      | Reached XP level 4. HP: 25/26 MP: 4/4
  1100 | D:2      | Found a white marble altar of Elyvilon.
  1123 | D:2      | Reached skill level 4 in Short Blades
  1471 | D:3      | Reached XP level 5. HP: 30/30 MP: 5/5
  1735 | D:3      | Reached skill level 5 in Short Blades
  2013 | D:3      | Noticed Ijyb
  2017 | D:3      | Killed from afar by Ijyb

Vault maps used:
D:1:      dpeg_arrival_shelter
D:2:      kennysheep_six_static_rooms, marbit_many_paths
D:3:      kb_forest_paths, first_bread, grunt_ministairs_2, uniq_iyjb

Skill      XL: |  1  2  3  4  5 |
---------------+----------------+-----
Short Blades   | 1 2 3 4 5 |  5.3
Stealth        | 2 3 4 |  4.2
Fighting       | |  2.1
Crossbows      | |  4.8
Dodging        | |  2.4

Action                   |  1- 3 |  4- 6 || total
-------------------------+-------+-------++-------
Melee: Short sword       |    59 |       ||    59
       Rapier            |    57 |   108 ||   165
 Fire: Hand crossbow     |       |    15 ||    15
 Stab: Sleeping          |     4 |     2 ||     6
  Eat: Meat ration       |       |     1 ||     1
Armor: Leather armour    |    26 |    28 ||    54
Dodge: Dodged            |   106 |    94 ||   200
